 Dungeon Crawl Stone Soup version 0.31.0-1-g2c135a0 (webtiles) character file.

Game seed: 3827783491801265001

10768 nerdeater69 the Severer (level 11, -8/84 HPs)
             Began as a Minotaur Berserker on Apr 23, 2024.
             Was a High Priest of Trog.
             Mangled by Sonja
             ... wielding a +3 dagger of distortion
              (16 damage)
             ... on level 10 of the Dungeon.
             The game lasted 00:32:59 (8944 turns).

nerdeater69 the Severer (Minotaur Berserker)        Turns: 8944, Time: 00:33:00

Health: -8/84      AC: 18    Str: 26    XL:     11   Next: 40%
Magic:  10/10      EV:  7    Int:  4    God:    Trog [*****.]
Gold:   370        SH:  0    Dex: 10    Spells: 10/10 levels left

rFire   . . .        S - +7 broad axe (heavy)
rCold   . . .        (no shield)
rNeg    . . .        V - +0 plate armour
rPois   .            f - +2 hat
rElec   .            A - scarf {repulsion}
rCorr   +            Z - +2 pair of gloves {Stlth+}
SInv    .            G - +1 pair of boots {Fly}
Will    +....        (no amulet) Stlth
                     c - ring of resist corrosion
HPRegen 0.34/turn    o - ring of willpower
MPRegen 0.12/turn

%: repel missiles
@: on berserk cooldown, flying, slowed, invisible, very slow
A: horns 2, retaliatory headbutt
a: Renounce Religion, Berserk, Trog's Hand, Brothers in Arms


You were on level 10 of the Dungeon.
You worshipped Trog.
Trog was extremely pleased with you.
You visited 1 branch of the dungeon, and saw 10 of its levels.
You also visited: Bailey.

You collected 595 gold pieces.
You spent 225 gold pieces at shops.

Inventory:

Hand Weapons
 S - a +7 heavy broad axe (weapon)
Missiles
 a - 2 throwing nets
 g - 2 darts of dispersal
 m - 29 poisoned darts
 T - 11 curare-tipped darts (quivered)
 U - 12 boomerangs
 W - 4 atropa-tipped darts
Armour
 b - +0 swamp dragon scales
 f - a +2 hat (worn)
 p - a scarf of invisibility
 A - a scarf of repulsion (worn)
 G - a +1 pair of boots of flying (worn)
 H - a scarf of resistance
 V - a +0 plate armour (worn)
 Z - a +2 pair of gloves of stealth (worn)
Jewellery
 c - a ring of resist corrosion (left hand)
 d - a ring of protection from cold
 o - a ring of willpower (right hand)
 y - a ring of willpower
 R - a ring of positive energy
 X - a ring of poison resistance
Wands
 s - a wand of digging (5)
 O - a wand of mindburst (18)
 P - a wand of acid (5)
 Y - a wand of paralysis (10)
Scrolls
 i - a scroll of vulnerability
 l - a scroll of blinking
 q - a scroll of enchant armour
 F - 2 scrolls of revelation
Potions
 e - 3 potions of mutation
 h - 2 potions of degeneration
 j - 4 potions of attraction
 r - 2 potions of enlightenment
 t - 5 potions of curing
 u - 2 potions of haste
 z - 2 potions of cancellation
 K - 2 potions of might


   Skills:
 - Level 4.3 Fighting
 * Level 20.6 Axes
 - Level 2.7 Armour
 - Level 3.0 Dodging
 - Level 0.1 Stealth


You had 10 spell levels left.
You didn't know any spells.
Your spell library was empty.

Dungeon Overview and Level Annotations

Branches:
Dungeon (10/15)            Temple (0/1) D:5             Orc (0/2) D:9
 Bailey (visited)
   Lair: D:8-11

Altars:
Kikubaaqudgha
Sif Muna
Uskayaw

Shops:
D:5 [

Annotations:
D:10 Sonja


Innate Abilities, Weirdness & Mutations

You have a pair of horns on your head.
You reflexively headbutt those who attack you in melee.


Message History

You slice the plant!! You slash the plant!
You feel sick.
A nearby plant withers and dies.
You feel sick.
A nearby plant withers and dies.
You see here a scorpion corpse.
Calm down first, please.
You feel a strong urge to attack something.
You are no longer berserk.
You are exhausted.
You feel as though you will be slow longer.
You feel sick.
You feel sick.
You feel sick.
You are no longer poisoned.
Sonja is nearby!
You fade into invisibility!
Sonja shouts!
Sonja shouts!
Sonja shouts!
Sonja shouts!
Sonja hits you but does no damage.
You blink.
Sonja shouts!
Sonja throws a curare-tipped dart.
The curare-tipped dart is repelled.
Sonja shouts, "Too slow!"
What are your orders? t - Shout!
Orders for allies: a - Attack new target. r - Retreat! s - Stop attacking. g - Guard the area. f - Follow me.
Anything else - Cancel.
Okay, then.
Throw: 12 darts (curare)
Press: ? - help, Q - select action, (/) - cycle Shift-Dir - straight line, f - Sonja
Aim: Sonja, wielding a +3 dagger of distortion and quivering curare-tipped darts (unable to see you, 2% to hit)
You throw a curare-tipped dart.
The curare-tipped dart completely misses Sonja.
The curare-tipped dart hits the plant.
Sonja barely misses you. Sonja hits you but does no damage.
Space warps horribly around you!
You die...
Sonja takes a bow.

####.....#
###....†.#..##
##.....†.P......
#...P...PP...###
##..P.......P.#
#..PP...P.P.P..#
##..P..#+##.P.P.#
#..P..K# ..P..#
##...P.@# ......
#...P.P.#


PPP.P. #.#......P.PPP. ##..P.P.P.P..P..## ...P...P.P....$... ####...P......#...#
###.P....###...# ##..#### #...# .## #...# You could see Sonja (unable to see
you).

Vanquished Creatures
  Harold (D:9)
  A catoblepas (D:9)
  2 two-headed ogres (D:8)
  Pikel (D:8)
  An orc knight (Bailey)
  An elephant (D:10)
  Joseph (D:7)
  Maggie (D:9)
  Psyche (D:8)
  13 yaks
  A wyvern (D:8)
  Menkaure (D:7)
  An acid dragon (D:9)
  3 black bears
  5 orc warriors
  2 ogres
  A centaur (D:8)
  2 phantoms
  2 bullfrogs (D:9)
  8 kobold brigands
  A gnoll sergeant (D:9)
  2 scorpions
  A burial acolyte (D:6)
  10 wights (D:8)
  3 killer bees (D:8)
  7 howler monkeys
  2 bombardier beetles (D:4)
  4 hounds
  8 orc priests
  A gnoll bouda (D:9)
  2 iguanas
  A jelly (D:4)
  3 sleepcaps
  7 orc wizards
  11 gnolls
  2 adders (D:3)
  A shadow imp (D:7)
  4 white imps
  4 ufetubi (D:5)
  An adder zombie (D:6)
  2 dart slugs
  5 ribbon worms
  22 orcs
  7 bats
  10 endoplasms
  2 giant cockroaches
  14 goblins
  8 hobgoblins
  2 jackals (D:5)
  4 quokkas
  6 ball pythons
  2 frilled lizards (D:1)
  2 jackal zombies (D:6)
  28 kobolds
  4 rats
242 creatures vanquished.

Notes
Turn   | Place    | Note
-------+----------+-------------------------------------------
     0 | D:1      | nerdeater69 the Minotaur Berserker began the quest for the
                  | Orb.
     0 | D:1      | Reached XP level 1. HP: 19/19 MP: 0/0
   295 | D:1      | Reached XP level 2. HP: 23/27 MP: 1/1
   550 | D:1      | Reached skill level 4 in Axes
  1140 | D:2      | Reached XP level 3. HP: 30/33 MP: 2/2
  1155 | D:2      | Reached ** piety under Trog
  2184 | D:3      | Reached XP level 4. HP: 40/40 MP: 3/3
  2248 | D:3      | Reached skill level 5 in Axes
  2353 | D:3      | Found a faded altar of an unknown god.
  2548 | D:4      | Reached skill level 6 in Axes
  2548 | D:4      | Reached XP level 5. HP: 45/46 MP: 4/4
  2721 | D:4      | Noticed a phantom
  2732 | D:4      | Killed a phantom
  2733 | D:4      | Reached skill level 7 in Axes
  2733 | D:4      | Reached XP level 6. HP: 46/52 MP: 5/5
  2820 | D:4      | Reached skill level 8 in Axes
  2964 | D:4      | Reached *** piety under Trog
  3150 | D:4      | Reached skill level 9 in Axes
  3150 | D:4      | Reached XP level 7. HP: 42/59 MP: 6/6
  3525 | D:5      | Entered Level 5 of the Dungeon
  3722 | D:5      | Noticed a yak
  3726 | D:5      | Noticed a yak
  3730 | D:5      | Noticed a yak
  3732 | D:5      | Killed a yak
  3733 | D:5      | Reached skill level 10 in Axes
  3733 | D:5      | Noticed a yak
  3734 | D:5      | Noticed a yak
  3739 | D:5      | Killed a yak
  3746 | D:5      | Killed a yak
  3747 | D:5      | Reached skill level 11 in Axes
  3747 | D:5      | Reached XP level 8. HP: 40/66 MP: 7/7
  3764 | D:5      | Reached skill level 12 in Axes
  4032 | D:5      | Found a staircase to the Ecumenical Temple.
  4213 | D:5      | Found Witashru's Antique Armour Shop.
  4218 | D:5      | Bought a faintly humming ring mail for 225 gold pieces
  4218 | D:5      | Identified the +2 ring mail of Pragmatism {rElec} (You
                  | bought it in a shop on level 5 of the Dungeon)
  4690 | D:6      | Reached skill level 13 in Axes
  4828 | D:6      | Found a hide-covered altar of Uskayaw.
  4955 | D:6      | Reached **** piety under Trog
  4995 | D:6      | Found an ancient bone altar of Kikubaaqudgha.
  5082 | D:7      | Noticed Joseph
  5099 | D:7      | Killed Joseph
  5100 | D:7      | Reached skill level 14 in Axes
  5100 | D:7      | Reached XP level 9. HP: 47/71 MP: 8/8
  5407 | D:7      | Noticed Menkaure
  5411 | D:7      | Killed Menkaure
  5755 | D:8      | Reached skill level 15 in Axes
  5867 | D:8      | Noticed Psyche
  5875 | D:8      | Killed Psyche
  5899 | D:8      | Noticed a two-headed ogre
  5908 | D:8      | Killed a two-headed ogre
  5909 | D:8      | Reached skill level 16 in Axes
  5956 | D:8      | Reached XP level 10. HP: 60/79 MP: 9/9
  6092 | D:8      | Noticed Pikel
  6099 | D:8      | Killed Pikel
  6100 | D:8      | Reached skill level 17 in Axes
  6159 | D:8      | Noticed a two-headed ogre
  6165 | D:8      | Killed a two-headed ogre
  6685 | D:8      | Reached skill level 18 in Axes
  6825 | D:9      | Noticed a catoblepas
  6842 | D:9      | Killed a catoblepas
  7072 | D:9      | Found a staircase to the Orcish Mines.
  7218 | D:9      | Found a flagged portal.
  7234 | D:9      | Reached ***** piety under Trog
  7256 | Bailey   | Entered a bailey
  7267 | Bailey   | Received a gift from Trog
  7519 | Bailey   | Noticed an orc knight
  7525 | Bailey   | Killed an orc knight
  7526 | Bailey   | Reached skill level 19 in Axes
  7585 | Bailey   | Found an iron altar of Okawaru.
  7870 | D:9      | Noticed Maggie
  7888 | D:9      | Killed Maggie
  7966 | D:9      | Reached XP level 11. HP: 78/84 MP: 10/10
  8395 | D:9      | Found a shimmering blue altar of Sif Muna.
  8395 | D:9      | Noticed Harold
  8403 | D:9      | Killed Harold
  8406 | D:9      | Reached skill level 20 in Axes
  8785 | D:10     | Entered Level 10 of the Dungeon
  8908 | D:10     | Noticed Sonja
  8916 | D:10     | HP: 3/84 [asphyx]
  8927 | D:10     | HP: 6/126 [poisoned by a scorpion]
  8930 | D:10     | HP: 2/84 [poisoned by a scorpion]
  8944 | D:10     | Mangled by Sonja

Illustrated notes

Levels and vault maps discovered:
D:1:      dpeg_arrival_arbitrary_c, layout_basic, serial_aquarium,
          aquarium_bridge_straight [aquarium_subvault_bridge,
          aquarium_subvault_window, aquarium_subvault_bridge,
          aquarium_subvault_window], aquarium_window_fake,
          aquarium_window_corridor_1, aquarium_window_corner,
          aquarium_window_corner, aquarium_view_2e, aquarium_view_2a,
          aquarium_pool_2
D:2:      layout_loops_cross, kennysheep_generic_room_2
D:3:      layout_loops_corners, ebering_ecumenical_altar_hall, minmay_distorted
D:4:      nicolae_BIG_FREAKIN_CUBE, layout_basic,
          minmay_fractal_squares_gapless_5
D:5:      layout_loops_cross, minmay_temple_entry_grid, serial_shops,
          nicolae_shop_hallway_plus
D:6:      layout_rooms, lemuel_zombie_altar_kikubaaqudgha,
          lemuel_coloured_pillars_altar
D:7:      layout_basic, moated_statue, uniq_menkaure, uniq_joseph
D:8:      layout_basic, nicolae_twisty_statue_hallways, uniq_psyche, uniq_pikel
D:9:      layout_small_grid, mainiacjoe_overflow_alcove_4, hiddenorc1_lemuel,
          enter_bailey_5, chequers_serial_rivers_large_b, minmay_microvault,
          uniq_maggie, uniq_harold
D:10:     layout_long_grid, grunt_lair_entry_orc_guard_hut, uniq_sonja

Skill      XL: |  1  2  3  4  5  6  7  8  9 10 11 |
---------------+----------------------------------+-----
Fighting       | 4 |  4.3
Axes           | 4 6 7 9 11 14 16 19 20 | 20.6
Dodging        | 3 |  3.0
Armour         | |  2.7
Stealth        | |  0.1

Action                     |  1- 3 |  4- 6 |  7- 9 | 10-12 || total
---------------------------+-------+-------+-------+-------++-------
  Melee: Hand axe          |    19 |       |       |       ||    19
         Headbutt          |    10 |     4 |    34 |    22 ||    70
         War axe           |    68 |    78 |    79 |       ||   225
         Punch             |     1 |     1 |     2 |       ||     4
         Battleaxe         |       |       |    96 |   108 ||   204
         Broad axe         |       |       |       |    91 ||    91
  Throw: Dart              |       |       |       |     1 ||     1
 Invoke: Berserk           |       |     1 |     1 |     5 ||     7
    Use: Scroll            |    13 |       |    10 |     2 ||    25
         Potion            |       |       |       |     3 ||     3
 Armour: Animal skin       |    15 |       |       |       ||    15
         Leather armour    |    55 |       |       |       ||    55
         Scale mail        |     2 |    62 |    67 |       ||   131
         Ring mail         |       |       |    83 |    98 ||   181
         Plate armour      |       |       |       |   139 ||   139
  Dodge: Dodged            |    78 |    45 |   105 |   106 ||   334
         Repelled          |       |       |     2 |     3 ||     5
